 Dungeon Crawl Stone Soup version 0.29-a0-294-g83ea962da3 (webtiles) character file.

Game seed: 6824340400294309360

1256 sanka the Ducker (level 8, 0/67 HPs)
             Began as a Gnoll Monk on Mar 18, 2022.
             Slain by Blork the orc
             ... wielding a +0 broad axe
              (7 damage)
             ... on level 5 of the Dungeon.
             The game lasted 00:09:45 (6620 turns).

sanka the Ducker (Gnoll Monk)                       Turns: 6620, Time: 00:09:46

Health: 0/67       AC:  3    Str: 12    XL:     8   Next: 51%
Magic:  13/13      EV: 15    Int: 10    God:
Gold:   243        SH:  0    Dex: 15    Spells: 13/13 levels left

rFire   . . .      SeeInvis .   D - +0 war axe
rCold   . . .      Faith    .   (no shield)
rNeg    . . .      Spirit   .   o - +0 robe
rPois   .          Reflect  .   (no helmet)
rElec   .          Harm     .   m - +0 cloak
rCorr   .          Rampage  .   (no gloves)
Will    +....                   (no boots)
Stlth   +.........              (no amulet)
HPRegen 0.21/turn               h - ring of wizardry
MPRegen 0.13/turn               e - ring of willpower

@: confused, ambrosia-drunk
A: fangs 1, strong nose, distributed training
a: no special abilities


You were on level 5 of the Dungeon.
You visited 1 branch of the dungeon, and saw 5 of its levels.

You collected 243 gold pieces.


Innate Abilities, Weirdness & Mutations

You have very sharp teeth.
Your uncanny sense of smell can sniff out nearby items.
Your experience applies equally to all skills.


   Skills:
 + Level 7.4 Fighting
 + Level 3.3 Short Blades
 + Level 3.3 Long Blades
 + Level 7.4 Axes
 + Level 3.3 Maces & Flails
 + Level 3.3 Polearms
 + Level 3.3 Staves
 + Level 3.3 Slings
 + Level 3.3 Bows
 + Level 3.3 Crossbows
 + Level 3.3 Throwing
 + Level 3.3 Armour
 + Level 7.4 Dodging
 + Level 5.4 Stealth
 + Level 3.3 Shields
 + Level 3.3 Unarmed Combat
 + Level 3.3 Spellcasting
 + Level 2.7 Conjurations
 + Level 2.7 Hexes
 + Level 2.7 Summonings
 + Level 2.7 Necromancy
 + Level 2.7 Translocations
 + Level 2.7 Transmutations
 + Level 2.7 Fire Magic
 + Level 2.7 Ice Magic
 + Level 2.7 Air Magic
 + Level 2.7 Earth Magic
 + Level 2.7 Poison Magic
 + Level 3.6 Invocations
 + Level 3.3 Evocations


You had 13 spell levels left.
You didn't know any spells.
Your spell library contained the following spells:

 Spells                   Type           Power      Damage    Failure   Level
 Animate Skeleton         Necr           14%        N/A       3%          1
 Apportation              Tloc           14%        N/A       3%          1
 Summon Small Mammal      Summ           28%        N/A       3%          1
 Tukima's Dance           Hex            7%         N/A       11%         3
 Anguish                  Hex/Necr       3%         N/A       32%         4
 Enfeeble                 Hex            3%         N/A       100%        7

Inventory:

Hand Weapons
 a - a +2 whip of electrocution
 b - a +2 dagger of venom
 p - a +0 hunting sling
 t - a +0 great sword
 w - a +0 hand axe
 y - a +0 morningstar
 C - a +0 halberd
 D - a +0 war axe (weapon)
Missiles
 v - a throwing net {=f}
Armour
 m - a +0 cloak (worn)
 o - a +0 robe (worn)
Jewellery
 e - a ring of willpower (right hand)
 h - a ring of wizardry (left hand)
 x - a ring of protection from fire
Wands
 s - a wand of mindburst (20)
 G - a wand of flame (14)
Scrolls
 f - a scroll of blinking {unknown}
 i - 6 scrolls of identify {unknown}
 j - a scroll of immolation {unknown}
 k - 2 scrolls of noise {unknown}
 n - 2 scrolls of teleportation {unknown}
 q - a scroll of fear {unknown}
 u - 2 scrolls of fog {unknown}
 B - a scroll of amnesia {unknown}
Potions
 c - a potion of ambrosia
 d - a potion of attraction {unknown}
 g - 2 potions of degeneration {unknown}
 l - 6 potions of curing {unknown}
 r - 2 potions of mutation {unknown}
 z - a potion of resistance {unknown}
 A - a potion of might {unknown}
 E - a potion of lignification {unknown}
 F - a potion of brilliance {unknown}

Dungeon Overview and Level Annotations

Branches:
Dungeon (5/15)
 Temple: D:4-7

Altars:
Beogh

Shops:
D:3 (   D:5 ([

Annotations:
D:4 2 transporters, epen's ghost, amateur GnHu
D:5 Blork the orc

▒▒▒▒▒▒▒▒▒▒▒▒▒▒
▒▒▒▒▒.....£......▒
▒...)...........<+
▒▒▒▒▒..........).)...▒▒▒
...▒▒...........g)......
...▒▒.....▒▒▒▒▒▒▒o..▒.▒.
.▒▒▒▒.....▒ .......
..▒▒▒.....▒. ...▒▒..
.............. ..... .
............... ......
............... ...▒▒.▒
..▒.▒▒▒▒▒▒▒▒▒+▒ ▒▒▒▒ .▒
(▒▒.▒▒▒▒......


You could see Blork the orc (fast).


Message History

You closely miss Blork the orc. Your punch misses Blork the orc.
Blork the orc is heavily wounded.
You hit the adder but do no damage. You hit the orc.
You kill the orc!
Blork the orc closely misses you. The adder barely misses you.
Blork the orc misses you. The adder bites you.
* * * LOW HITPOINT WARNING * * *
You hit Blork the orc.
Blork the orc is heavily wounded.
You slash the adder!
You kill the adder!
Blork the orc closely misses you.
Blork the orc hits you with a +0 broad axe.
* * * LOW HITPOINT WARNING * * *
Unknown command.
You hit Blork the orc.
Blork the orc is severely wounded.
Blork the orc looks satisfied for a moment.
Blork the orc casts a spell at you. The puff of frost hits you!
* * * LOW HITPOINT WARNING * * *
Unknown command.
You are confused.
You feel invigorated.
Blork the orc hits you with a +0 broad axe!
You die...

Action                   |  1- 3 |  4- 6 |  7- 9 || total
-------------------------+-------+-------+-------++-------
Melee: Hand axe          |   116 |    16 |    12 ||   144
       Bite              |    13 |    23 |    19 ||    55
       Dagger            |     4 |   139 |    54 ||   197
       Punch             |       |     4 |     7 ||    11
       Whip              |       |       |   109 ||   109
       War axe           |       |       |    24 ||    24
 Fire: Hunting sling     |       |    12 |       ||    12
  Use: Potion            |       |       |     1 ||     1
 Stab: Sleeping          |     3 |     9 |     5 ||    17
Armor: Robe              |    15 |    20 |    28 ||    63
Dodge: Dodged            |    89 |   139 |   149 ||   377

Levels and vault maps discovered:
D:1:      doesnt_arrival_eight_statues, layout_basic, minmay_heptomino_o4
D:2:      layout_rooms, minmay_goblin_outpost
D:3:      wad_crossroads, layout_rooms,
          hellmonk_ecumenical_altar_defaced_shrine, serial_shops,
          nicolae_shop_advertising_works [nicolae_subvault_shop_adworks]
D:4:      layout_loops_cross, gammafunk_ghost_smash, uniq_sigmund
D:5:      minmay_chambers_of_fours, layout_basic, serial_shops,
          nicolae_shop_bloodbath_and_beyond, nicolae_square_shop,
          nicolae_shop_hallway_plus, kennysheep_cross_bottleneck,
          minmay_tree_intersection, uniq_blork_the_orc

Notes
Turn   | Place    | Note
-------+----------+-------------------------------------------
     0 | D:1      | sanka the Gnoll Monk began the quest for the Orb.
     0 | D:1      | Reached XP level 1. HP: 23/23 MP: 1/1
   260 | D:1      | Reached XP level 2. HP: 26/29 MP: 2/2
   798 | D:1      | Reached XP level 3. HP: 35/35 MP: 3/3
  1233 | D:2      | Reached skill level 1 in Invocations
  1440 | D:2      | Reached skill level 1 in Short Blades
  1440 | D:2      | Reached skill level 1 in Long Blades
  1440 | D:2      | Reached skill level 1 in Maces & Flails
  1440 | D:2      | Reached skill level 1 in Polearms
  1440 | D:2      | Reached skill level 1 in Staves
  1440 | D:2      | Reached skill level 1 in Slings
  1440 | D:2      | Reached skill level 1 in Bows
  1440 | D:2      | Reached skill level 1 in Crossbows
  1440 | D:2      | Reached skill level 1 in Throwing
  1440 | D:2      | Reached skill level 1 in Armour
  1440 | D:2      | Reached skill level 1 in Shields
  1440 | D:2      | Reached skill level 1 in Unarmed Combat
  1440 | D:2      | Reached skill level 1 in Spellcasting
  1440 | D:2      | Reached skill level 1 in Evocations
  1598 | D:2      | Reached XP level 4. HP: 39/41 MP: 5/5
  1951 | D:2      | Reached skill level 1 in Conjurations
  1951 | D:2      | Reached skill level 1 in Hexes
  1951 | D:2      | Reached skill level 1 in Summonings
  1951 | D:2      | Reached skill level 1 in Necromancy
  1951 | D:2      | Reached skill level 1 in Translocations
  1951 | D:2      | Reached skill level 1 in Transmutations
  1951 | D:2      | Reached skill level 1 in Fire Magic
  1951 | D:2      | Reached skill level 1 in Ice Magic
  1951 | D:2      | Reached skill level 1 in Air Magic
  1951 | D:2      | Reached skill level 1 in Earth Magic
  1951 | D:2      | Reached skill level 1 in Poison Magic
  2546 | D:3      | Reached XP level 5. HP: 40/47 MP: 6/6
  2712 | D:3      | Found a faded altar of an unknown god.
  2875 | D:3      | Noticed a black bear
  2895 | D:3      | Killed a black bear
  2896 | D:3      | Reached skill level 2 in Invocations
  2896 | D:3      | Reached XP level 6. HP: 6/53 MP: 8/8
  3255 | D:3      | Found Banuxkua's Antique Weapon Boutique.
  3536 | D:4      | Reached skill level 2 in Short Blades
  3536 | D:4      | Reached skill level 2 in Long Blades
  3536 | D:4      | Reached skill level 2 in Maces & Flails
  3536 | D:4      | Reached skill level 2 in Polearms
  3536 | D:4      | Reached skill level 2 in Staves
  3536 | D:4      | Reached skill level 2 in Slings
  3536 | D:4      | Reached skill level 2 in Bows
  3536 | D:4      | Reached skill level 2 in Crossbows
  3536 | D:4      | Reached skill level 2 in Throwing
  3536 | D:4      | Reached skill level 2 in Armour
  3536 | D:4      | Reached skill level 2 in Shields
  3536 | D:4      | Reached skill level 2 in Unarmed Combat
  3536 | D:4      | Reached skill level 2 in Spellcasting
  3536 | D:4      | Reached skill level 2 in Evocations
  3931 | D:4      | Reached XP level 7. HP: 40/59 MP: 10/10
  4154 | D:4      | Reached skill level 7 in Fighting
  4154 | D:4      | Reached skill level 7 in Axes
  4154 | D:4      | Reached skill level 7 in Dodging
  4795 | D:4      | Noticed Sigmund
  4808 | D:4      | Reached skill level 2 in Conjurations
  4808 | D:4      | Reached skill level 2 in Hexes
  4808 | D:4      | Reached skill level 2 in Summonings
  4808 | D:4      | Reached skill level 2 in Necromancy
  4808 | D:4      | Reached skill level 2 in Translocations
  4808 | D:4      | Reached skill level 2 in Transmutations
  4808 | D:4      | Reached skill level 2 in Fire Magic
  4808 | D:4      | Reached skill level 2 in Ice Magic
  4808 | D:4      | Reached skill level 2 in Air Magic
  4808 | D:4      | Reached skill level 2 in Earth Magic
  4808 | D:4      | Reached skill level 2 in Poison Magic
  4823 | D:4      | Killed Sigmund
  4824 | D:4      | Reached skill level 5 in Stealth
  5050 | D:4      | Reached skill level 3 in Invocations
  5395 | D:4      | Found a transporter.
  5395 | D:4      | Found a transporter.
  5396 | D:4      | Noticed epen's ghost (amateur GnHu)
  5436 | D:5      | Entered Level 5 of the Dungeon
  5733 | D:5      | Reached XP level 8. HP: 67/67 MP: 12/12
  5822 | D:5      | Found Miylim's Weapon Shop.
  5864 | D:5      | Reached skill level 3 in Short Blades
  5864 | D:5      | Reached skill level 3 in Long Blades
  5864 | D:5      | Reached skill level 3 in Maces & Flails
  5864 | D:5      | Reached skill level 3 in Polearms
  5864 | D:5      | Reached skill level 3 in Staves
  5864 | D:5      | Reached skill level 3 in Slings
  5864 | D:5      | Reached skill level 3 in Bows
  5864 | D:5      | Reached skill level 3 in Crossbows
  5864 | D:5      | Reached skill level 3 in Throwing
  5864 | D:5      | Reached skill level 3 in Armour
  5864 | D:5      | Reached skill level 3 in Shields
  5864 | D:5      | Reached skill level 3 in Unarmed Combat
  5864 | D:5      | Reached skill level 3 in Spellcasting
  5864 | D:5      | Reached skill level 3 in Evocations
  6220 | D:5      | Found Onyr's Armour Shop.
  6602 | D:5      | Noticed Blork the orc
  6619 | D:5      | HP: 2/67 [Blork the orc/puff of frost (8)]
  6620 | D:5      | Slain by Blork the orc

Vanquished Creatures
  Sigmund (D:4)
  A black bear (D:3)
  An ogre (D:4)
  A phantom (D:5)
  2 necrophages
  A scorpion (D:5)
  4 orc priests
  3 hounds
  An iguana (D:5)
  5 orc wizards
  7 gnolls (D:4)
  9 adders
  An ufetubus (D:5)
  4 worms
  2 dart slugs
  31 orcs
  6 ball pythons
  8 bats
  12 endoplasms
  A giant cockroach (D:1)
  14 goblins
  11 hobgoblins
  5 jackals
  4 quokkas
  A frilled lizard (D:2)
  7 kobolds
  8 rats
151 creatures vanquished.
